 Dungeon Crawl Stone Soup version 0.30-a0-4-ga7cffc901d (webtiles) character file.

Game seed: 18009752268341381478

29473 ytrimaz the Martial Artist (level 13, -3/93 HPs)
             Began as an Octopode Transmuter on Aug 20, 2022.
             Was a Believer of Ashenzari.
             Killed from afar by an efreet (21 damage)
             ... with a fireball
             ... on level 13 of the Dungeon on Aug 22, 2022.
             The game lasted 00:29:50 (18186 turns).

ytrimaz the Martial Artist (Octopode Transmuter)   Turns: 18186, Time: 00:29:50

Health: -3/93      AC:  2    Str: 11    XL:     13   Next: 45%
Magic:  16/19      EV: 41    Int: 19    God:    Ashenzari [**....]
Gold:   297        SH:  0    Dex: 23    Spells: 6/21 levels left

rFire   . . .      SeeInvis +      - Unarmed
rCold   . . .      Faith    .    (shield currently unavailable)
rNeg    . . .      Spirit   .    (helmet currently unavailable)
rPois   x          Reflect  .    (no amulet)
rElec   .          Harm     .    a - ring of the Elysian Soothsayer {EV+4, Self, Cun} (curse)
rCorr   .          Rampage  .    q - ring of Ashenzari's Stars {SInv, Melee, Cun} (curse)
Will    .....                    r - ring of the Ruined Incredulity {Dex+6, Alch, Comp} (curse)
Stlth   +++++.....               y - +4 ring of evasion
HPRegen 0.00/turn                (no ring)
MPRegen 0.16/turn                (no ring)
                                 (no ring)
                                 (no ring)

@: spider-form, inhibited regen
A: venomous fangs, almost no armour, (amphibious), 8 rings, tiny, (camouflage
1), (gelatinous body 1), (nimble swimmer 1), (tentacles), inhibited
regeneration, evolution 1
a: End Transformation, Renounce Religion, Curse Item, Shatter the Chains


You were on level 13 of the Dungeon.
You worshipped Ashenzari.
Ashenzari was pleased with you.
You were a venomous arachnid creature.
You visited 2 branches of the dungeon, and saw 14 of its levels.
You also visited: Gauntlet.

You collected 497 gold pieces.
You spent 200 gold pieces at shops.

Inventory:

Missiles
 l - a throwing net
Armour
 n - the cursed +1 hat "Share My Burden" (melded) {Bglg, Melee}
   (You took it off Gastronok on level 8 of the Dungeon)

   It has a curse which improves the following skills: Beguiling: Conjurations,
   Hexes and Translocations.
   Melee Combat: Short Blades, Long Blades, Axes, Maces & Flails, Polearms,
   Staves and Unarmed Combat.
Jewellery
 a - the cursed ring of the Elysian Soothsayer (left front leg) {EV+4, Self, Cun}
   (You found it on level 4 of the Dungeon)

   [ring of evasion]

   EV:        It affects your evasion (+4).
   It has a curse which improves the following skills: Introspection: Fighting
   and Spellcasting.
   Cunning:   Dodging and Stealth.
 e - a ring of ice
 q - the cursed ring of Ashenzari's Stars (right front leg) {SInv, Melee, Cun}
   (You found it on level 6 of the Dungeon)

   [ring of see invisible]

   SInv:      It lets you see invisible.
   It has a curse which improves the following skills: Melee Combat: Short
   Blades, Long Blades, Axes, Maces & Flails, Polearms, Staves and Unarmed
   Combat.
   Cunning:   Dodging and Stealth.
 r - the cursed ring of the Ruined Incredulity (on tentacle) {Dex+6, Alch, Comp}
   (You found it on level 6 of the Dungeon)

   [ring of dexterity]

   Dex:       It affects your dexterity (+6).
   It has a curse which improves the following skills: Alchemy: Poison Magic and
   Transmutations.
   Companions: Summonings and Necromancy.
 y - a +4 ring of evasion (on tentacle)
Wands
 d - a wand of mindburst (5)
 j - a wand of iceblast (5)
 k - a wand of charming (8)
 s - a wand of flame (9)
Scrolls
 m - a scroll of summoning
 o - 2 scrolls of magic mapping
 t - a scroll of silence
 u - a scroll of enchant weapon
 w - a scroll of butterflies
Potions
 b - a potion of berserk rage
 c - 7 potions of brilliance
 g - 3 potions of curing
 i - 3 potions of flight
 p - 2 potions of lignification
 v - a potion of attraction
 x - 2 potions of magic
 z - a potion of might


   Skills:
 + Level 9.3(10.5) Fighting
 - Level 10.1(12.0) Dodging
 - Level 8.5(10.4) Stealth
 + Level 12.6(13.8) Unarmed Combat
 - Level 3.4(4.5) Spellcasting
 + Level 8.1(9.3) Transmutations
 - Level 4.0 Ice Magic
 - Level 6.0(7.2) Poison Magic


You had 6 spell levels left.
You knew the following spells:

 Your Spells              Type           Power      Damage    Failure   Level
a - Beastly Appendage     Tmut           80%        N/A       2%          1
b - Wereblood             Tmut           40%        N/A       3%          2
c - Spider Form           Tmut/Pois      35%        N/A       6%          3
d - Ice Form              Ice/Tmut       29%        N/A       22%         4
e - Irradiate             Conj/Tmut      11%        3d15      69%         5

Your spell library contained the following spells:

 Spells                   Type           Power      Damage    Failure   Level
 Passwall                 Tmut/Erth      18%        N/A       11%         2
 Blade Hands              Tmut           20%        N/A       21%         5
 Ensorcelled Hibernation  Hex/Ice        22%        N/A       22%         2
 Magic Dart               Conj           16%        1d3       30%         1
 Mephitic Cloud           Conj/Pois/Air  13%        N/A       32%         3
 Call Imp                 Summ           4%         N/A       38%         2
 Sublimation of Blood     Necr           4%         N/A       38%         2
 Searing Ray              Conj           8%         2d4       41%         2
 Dazzling Flash           Conj/Hex       8%         N/A       58%         3
 Swiftness                Air            4%         N/A       58%         3
 Corpse Rot               Necr/Pois/Air  13%        N/A       65%         4
 Eringya's Noxious Bog    Tmut/Pois      17%        N/A       75%         6
 Dispel Undead            Necr           4%         3d7       90%         4
 Fulminant Prism          Conj/Hex       2%         3d6       91%         4
 Agony                    Necr           4%         N/A       99%         5
 Silence                  Hex/Air        2%         N/A       99%         5
 Summon Forest            Summ/Tloc      2%         N/A       99%         5
 Conjure Ball Lightning   Conj/Air       2%         3x3d6     100%        6
 Death Channel            Necr           2%         N/A       100%        6
 Dragon Form              Tmut           20%        N/A       98%         7
 Malign Gateway           Summ/Tloc      2%         N/A       100%        7
 Summon Hydra             Summ           2%         N/A       100%        7
 Discord                  Hex            2%         N/A       100%        8
 Disjunction              Tloc           2%         N/A       100%        8
 Summon Horrible Things   Summ           2%         N/A       100%        8


Dungeon Overview and Level Annotations

Branches:
Dungeon (13/15)            Temple (1/1) D:5            Lair (0/5) D:9
    Orc (0/2) D:9         Gauntlet (visited)
 Vaults: D:13-14

Altars:
Ashenzari
Cheibriados
Dithmenos
Elyvilon
Fedhas
Gozag
Hepliaklqana
Kikubaaqudgha
Makhleb
Nemelex Xobeh
Okawaru
Qazlal
Sif Muna
Trog
Uskayaw
Vehumet
Wu Jian
Xom
Yredelemnul
Zin
The Shining One

Shops:
D:4 *?   D:12 *(

Annotations:
D:7 1 runed translucent door, Crazy Yiuf
D:8 3 runed translucent doors, exclusion: obsidian statue, Newt's ghost, novice DsGl
D:9 exclusion: two-headed ogre
D:10 exclusion: hydra
D:11 exclusions: hydra, obsidian statue and orange crystal statue


Innate Abilities, Weirdness & Mutations

You are a venomous arachnid creature.
You have poisonous fangs.
You are tiny and dextrous.
Your spellcasting is less reliable in this form.
Your armour is entirely melded.
You are incapable of wielding weapons or throwing items.
You cannot wear most types of armour.
((You are amphibious.))
You can wear up to eight rings at the same time.
((Your skin changes colour to match your surroundings (Stealth+).))
((Your rubbery body absorbs attacks. (AC +1, EV +1)))
((You are camouflaged when in or above water. (Stealth+)))
((You have tentacles for arms and can constrict up to eight enemies at once.))
You do not regenerate when monsters are visible.
You have hidden genetic potential.


Message History

The cursed +1 hat "Share My Burden" {Bglg, Melee} melds into your body.
Unknown command.
Casting: Beastly Appendage (safe; 1% risk of failure)
Confirm with . or Enter, or press ? or * to list all spells.
Your tentacle spike disappears.
The cursed +1 hat "Share My Burden" {Bglg, Melee} unmelds from your body.
You turn into a venomous arachnid creature.
The cursed +1 hat "Share My Burden" {Bglg, Melee} melds into your body.
Unknown command.
The efreet gestures at you.
The fireball explodes!
The fireball engulfs you!!
You hear two shouts!
The efreet misses you.
Unknown command.
You bite the efreet!
The efreet is moderately wounded.
The efreet misses you.
You hit the efreet.
The efreet is moderately wounded.
The efreet hits you with a +2 scimitar of flaming.
The efreet burns you.
You hit the efreet.
The efreet is poisoned.
The efreet is heavily wounded.
You hit the efreet but do no damage.
The efreet is heavily wounded.
The efreet gestures at you.
The fireball explodes!
The fireball engulfs you!!
The fireball engulfs the efreet.
The efreet completely resists.
You hit the efreet but do no damage.
The efreet looks as sick as possible!
The efreet is moderately wounded.
The efreet hits you with a +2 scimitar of flaming!
* * * LOW HITPOINT WARNING * * *
The efreet burns you.
* * * LOW HITPOINT WARNING * * *
Unknown command.
You hit the efreet but do no damage.
The efreet is heavily wounded.
The efreet gestures at you.
The fireball explodes!
The fireball engulfs you!!
You die...

* ###############
#.......WRs...#
#....$...######
#........# ,
#$.....?.#
#........#
.####........##
...............
,,*
.....$.<....... ,
,................


You could see an efreet (extremely poisoned) and a shadow.

Vanquished Creatures
  Gastronok (D:8)
  A cacodemon (Gauntlet)
  A minotaur (Gauntlet)
  3 two-headed ogres
  Pikel (D:7)
  2 cyclopes
  3 manticores
  An eye of devastation (Gauntlet)
  An unseen horror (D:12)
  A komodo dragon (D:12)
  4 trolls
  A hornet (D:8)
  7 shadows
  2 wraiths (D:10)
  4 wyverns
  13 yaks
  A vampire (D:13)
  A basilisk (D:11)
  A golden eye (Gauntlet)
  3 vampire mosquitoes (D:12)
  2 steam dragons
  Duvessa (D:7)
  2 water moccasins
  A floating eye (Gauntlet)
  A swamp drake (D:9)
  3 sky beasts
  An ogre (D:6)
  8 orc warriors
  An ice beast (D:7)
  A black bear (D:6)
  7 centaurs
  4 lemures (D:7)
  4 kobold brigands
  Blork the orc (D:4)
  2 bullfrogs (D:8)
  3 scorpions
  8 wights
  A necrophage (D:5)
  Dowan (D:7)
  An electric eel (D:8)
  2 howler monkeys
  4 hounds
  5 orc priests
  A jelly (D:5)
  A gnoll bouda (D:7)
  6 iguanas
  11 orc wizards
  7 adders
  4 gnolls (D:7)
  2 shadow imps
  3 white imps
  An ufetubus (D:7)
  A worm (D:2)
  3 dart slugs
  32 orcs
  9 ball pythons
  5 bats
  4 endoplasms
  4 giant cockroaches
  5 goblins (D:1)
  6 hobgoblins
  7 jackals
  5 quokkas
  4 frilled lizards
  26 kobolds
  7 rats
270 creatures vanquished.

Vanquished Creatures (others)
  An orc (D:9)
  14 demonic plants (Gauntlet)
  3 fungi (Gauntlet)
  31 plants
49 creatures vanquished.

Grand Total: 319 creatures vanquished

Notes
Turn   | Place    | Note
-------+----------+-------------------------------------------
     0 | D:1      | ytrimaz the Octopode Transmuter began the quest for the
                  | Orb.
     0 | D:1      | Reached XP level 1. HP: 13/13 MP: 3/3
    37 | D:1      | Found a faded altar of an unknown god.
   103 | D:1      | Reached XP level 2. HP: 18/18 MP: 3/5
   143 | D:1      | Learned a level 2 spell: Wereblood
   670 | D:1      | Reached XP level 3. HP: 17/23 MP: 4/7
   853 | D:1      | Learned a level 3 spell: Spider Form
  1594 | D:2      | Reached XP level 4. HP: 24/28 MP: 5/8
  1869 | D:2      | Found an iron altar of Okawaru.
  2466 | D:3      | Reached skill level 1 in Poison Magic
  2778 | D:3      | Reached XP level 5. HP: 25/33 MP: 10/10
  3714 | D:3      | Learned a level 4 spell: Ice Form
  3724 | D:4      | Noticed a sky beast
  3740 | D:4      | Killed a sky beast
  3741 | D:4      | Reached XP level 6. HP: 11/38 MP: 8/11
  4389 | D:4      | Reached skill level 4 in Unarmed Combat
  4394 | D:4      | Reached skill level 5 in Poison Magic
  4687 | D:4      | Found Kuerirot's Assorted Antiques.
  4697 | D:4      | Bought a scroll of identify for 38 gold pieces
  4697 | D:4      | Bought a metallic yellow potion for 17 gold pieces
  4697 | D:4      | Bought a scroll of identify for 38 gold pieces
  4697 | D:4      | Bought a scroll labelled ZOD ADWYXTISUI for 19 gold pieces
  4697 | D:4      | Bought a scroll labelled RYM XYWEMA for 19 gold pieces
  4716 | D:4      | Noticed Blork the orc
  4727 | D:4      | Killed Blork the orc
  4728 | D:4      | Reached XP level 7. HP: 14/43 MP: 9/12
  5308 | D:4      | Reached skill level 5 in Unarmed Combat
  5777 | D:4      | Found Jasiuqu's Magic Scroll Shop.
  5784 | D:4      | Bought a scroll of identify for 22 gold pieces
  5853 | D:5      | Entered Level 5 of the Dungeon
  6338 | D:5      | Found a staircase to the Ecumenical Temple.
  6354 | D:5      | Reached skill level 6 in Unarmed Combat
  6354 | D:5      | Reached skill level 1 in Ice Magic
  6364 | D:5      | Reached XP level 8. HP: 43/48 MP: 11/13
  6403 | Temple   | Entered the Ecumenical Temple
  6688 | Temple   | Became a worshipper of Ashenzari the Shackled
  7117 | D:6      | HP: 2/48 [steam dragon] (6)]
  7122 | D:6      | Reached skill level 7 in Unarmed Combat
  8111 | D:6      | Reached skill level 8 in Unarmed Combat
  8446 | D:6      | Reached * piety under Ashenzari
  8490 | D:7      | Noticed Pikel
  8497 | D:7      | Noticed Dowan
  8502 | D:7      | Noticed Duvessa
  8539 | D:7      | Killed Dowan
  8545 | D:7      | Killed Duvessa
  8546 | D:7      | Reached XP level 9. HP: 27/53 MP: 12/15
  8725 | D:7      | Reached skill level 9 in Unarmed Combat
  8973 | D:7      | Identified the +1 robe of Taodaoqo {Will+ Str+8 Int-4}
  9171 | D:7      | Reached skill level 10 in Unarmed Combat
  9683 | D:7      | Killed Pikel
  9684 | D:7      | Reached skill level 5 in Fighting
  9689 | D:7      | Reached XP level 10. HP: 63/71 MP: 9/16
  9926 | D:7      | Found a runed translucent door.
  9927 | D:7      | Noticed Crazy Yiuf
 10202 | D:8      | Noticed Gastronok
 10231 | D:8      | Killed Gastronok
 10767 | D:8      | Found a blossoming altar of Fedhas.
 10847 | D:8      | Found a runed translucent gate.
 10848 | D:8      | Found a runed translucent gate.
 10849 | D:8      | Found a runed translucent gate.
 10851 | D:8      | Noticed a nine-headed hydra
 10851 | D:8      | Noticed Newt's ghost (novice DsGl)
 10851 | D:8      | Identified the +4 long sword "Cexo" {venom, rElec Dex+3}
 10902 | D:8      | Reached skill level 5 in Dodging
 11208 | D:8      | Noticed an obsidian statue
 11456 | D:9      | Found a staircase to the Lair.
 11679 | D:9      | Found a bloodstained altar of Trog.
 11679 | D:9      | Identified the Incunable of Retrieval
 11738 | D:9      | Found an ornate altar of the Wu Jian Council.
 12009 | D:9      | Found an ancient bone altar of Kikubaaqudgha.
 12243 | D:9      | Found a stormy altar of Qazlal.
 12249 | D:9      | Reached XP level 11. HP: 76/81 MP: 9/17
 12404 | D:9      | Reached skill level 1 in Stealth
 12815 | D:9      | Found a staircase to the Orcish Mines.
 13030 | D:9      | Noticed a two-headed ogre
 13081 | D:9      | Reached ** piety under Ashenzari
 13206 | D:9      | Identified the cursed +1 hat "Share My Burden" {Bglg,
                  | Melee} (You took it off Gastronok on level 8 of the
                  | Dungeon)
 13218 | D:9      | Upgraded the game from 0.30-a0-2-gf48d83f5e2 to
                  | 0.30-a0-4-ga7cffc901d
 13228 | D:9      | Learned a level 5 spell: Irradiate
 13252 | D:10     | Entered Level 10 of the Dungeon
 13758 | D:10     | Found an opulent altar of Gozag.
 13758 | D:10     | Found an iron altar of Okawaru.
 13758 | D:10     | Found a burning altar of Makhleb.
 13770 | D:10     | Noticed a two-headed ogre
 13784 | D:10     | Killed a two-headed ogre
 14283 | D:10     | Noticed a seven-headed hydra
 14379 | D:11     | Noticed a cyclops
 14400 | D:11     | Killed a cyclops
 14401 | D:11     | Reached skill level 5 in Stealth
 14625 | D:11     | Noticed a seven-headed hydra
 14637 | D:11     | Noticed an obsidian statue
 14637 | D:11     | Noticed an orange crystal statue
 14985 | D:11     | Noticed a manticore
 15019 | D:11     | Killed a manticore
 15762 | D:12     | Found Von Qyc's Antique Weapon Emporium.
 15793 | D:12     | Found Ymoc's Assorted Antiques.
 15796 | D:12     | Bought a metallic sapphire potion for 22 gold pieces
 15796 | D:12     | Bought a scroll labelled TUSAKEOVVE for 25 gold pieces
 15988 | D:12     | Noticed a manticore
 16003 | D:12     | Killed a manticore
 16004 | D:12     | Reached skill level 10 in Dodging
 16194 | D:12     | Reached XP level 12. HP: 77/88 MP: 15/18
 16481 | D:12     | Reached skill level 11 in Unarmed Combat
 16589 | D:12     | Noticed a two-headed ogre
 16597 | D:12     | Noticed a two-headed ogre
 16610 | D:12     | Killed a two-headed ogre
 16619 | D:12     | Killed a two-headed ogre
 16973 | D:13     | Noticed a two-headed ogre
 16980 | D:13     | Found a gate leading to a gauntlet.
 16980 | D:13     | Noticed a two-headed ogre
 16984 | Gauntlet | Entered a Gauntlet
 16984 | Gauntlet | Noticed a death scarab
 16984 | Gauntlet | Found a transporter.
 16984 | Gauntlet | Found a transporter.
 16985 | Gauntlet | Found a transporter.
 16988 | Gauntlet | Found a transporter.
 16988 | Gauntlet | Found a transporter.
 16988 | Gauntlet | Found a transporter.
 16998 | Gauntlet | Found a transporter.
 17002 | Gauntlet | Found a transporter.
 17006 | Gauntlet | Noticed a cacodemon
 17006 | Gauntlet | Noticed a hell hog
 17014 | Gauntlet | Found a transporter.
 17016 | Gauntlet | Identified the +0 pair of boots "Toin" {rN++ Int+3 Dex-3}
 17020 | Gauntlet | Found a transporter.
 17036 | Gauntlet | Found a transporter.
 17040 | Gauntlet | Found a transporter.
 17223 | Gauntlet | Paralysed by a floating eye for 3 turns
 17237 | Gauntlet | Reached skill level 12 in Unarmed Combat
 17276 | Gauntlet | Reached XP level 13. HP: 64/93 MP: 19/19
 17401 | Gauntlet | Gained mutation: You are occasionally teleported next to
                  | monsters. [a cacodemon]
 17406 | Gauntlet | Killed a cacodemon
 17620 | Gauntlet | Lost mutation: You are occasionally teleported next to
                  | monsters. [potion of mutation]
 17620 | Gauntlet | Gained mutation: Your body sometimes deteriorates upon
                  | taking damage. [potion of mutation]
 17621 | Gauntlet | Lost mutation: Your body sometimes deteriorates upon taking
                  | damage. [potion of mutation]
 17621 | Gauntlet | Gained mutation: You do not regenerate when monsters are
                  | visible. [potion of mutation]
 17621 | Gauntlet | Gained mutation: You have hidden genetic potential. [potion
                  | of mutation]
 17638 | Gauntlet | Noticed a minotaur
 17656 | Gauntlet | Killed a minotaur
 18186 | D:13     | Killed from afar by an efreet

Illustrated notes

Levels and vault maps discovered:
D:1:      eino_arrival_druids_welcome, layout_loops_ring,
          ebering_ecumenical_altar_rust, st_stairs_13
D:2:      minmay_evil_eye, layout_rooms, basic_altar
D:3:      layout_loops_ring
D:4:      layout_loops_corners, serial_shops, nicolae_shop_advertising_works
          [nicolae_subvault_shop_adworks], shop, lexackson_kobold_supper,
          uniq_blork_the_orc
D:5:      layout_loops_ring, minmay_temple_entry_water_ring,
          chequers_mini_garden
D:6:      layout_loops_corners
D:7:      layout_cave_pools, kennysheep_big_empty_room, uniq_crazy_yiuf_cottage,
          uniq_duvessa, uniq_pikel
D:8:      statuecave_lemuel, layout_basic, kennysheep_mini,
          gammafunk_ghost_hydra_chop, uniq_gastronok
D:9:      layout_gridville, trog_book, mainiacjoe_overflow_catch_the_wave,
          mainiacjoe_overflow_brackets, lair_entry_dummy, erik_orc_1
D:10:     layout_roguey, gammafunk_temple_overflow_claw,
          nicolae_ru_the_path_less_chosen, kennysheep_generic_room_4
D:11:     layout_layer_cave, david_greed
D:12:     layout_basic, serial_shops, nicolae_shop_hallway_stairs,
          nicolae_shop_behind_doors
D:13:     minmay_the_grid_4x2 [minmay_the_grid_spikes,
          minmay_the_grid_zigzag_pyramid, minmay_the_grid_small_cups,
          minmay_the_grid_garden, minmay_the_grid_outer_circle,
          minmay_the_grid_slots, minmay_the_grid_mess,
          minmay_the_grid_prize_inner_circle], layout_small_grid, erik_vaults_2,
          gauntlet_entry_generic, uniq_rupert
Temple:   compressed_dpeg_triangle_lava_temple

Skill      XL: |  1  2  3  4  5  6  7  8  9 10 11 12 13 |
---------------+----------------------------------------+-----
Spellcasting   | 3 |  3.4
Transmutations | 3 7 8 |  8.1
Poison Magic   | 1 4 5 6 |  6.0
Unarmed Combat | 4 6 8 10 12 | 12.6
Ice Magic      | 1 3 4 |  4.0
Fighting       | 6 9 |  9.3
Dodging        | 6 10 | 10.1
Stealth        | 5 8 |  8.5

Action                   |  1- 3 |  4- 6 |  7- 9 | 10-12 | 13-15 || total
-------------------------+-------+-------+-------+-------+-------++-------
Melee: Unarmed           |    87 |   110 |   264 |   355 |    30 ||   846
       Constrict         |    26 |    14 |     8 |     5 |       ||    53
       Tentacles         |    17 |    14 |     8 |     7 |       ||    46
       Kick              |    14 |     7 |     1 |     2 |       ||    24
       Punch             |     3 |       |     1 |     1 |       ||     5
 Cast: Beastly Appendage |    18 |    19 |     1 |     4 |     1 ||    43
       Wereblood         |     3 |       |     4 |     8 |       ||    15
       Spider Form       |       |     4 |    30 |    14 |     1 ||    49
       Ice Form          |       |       |     4 |    38 |     3 ||    45
Invok: Curse Item        |       |       |     2 |     2 |       ||     4
  Use: Scroll            |     1 |     8 |     9 |     4 |     3 ||    25
       Potion            |       |     3 |     6 |     5 |     5 ||    19
 Stab: Sleeping          |     6 |     3 |     3 |     5 |       ||    17
Armor: Skin              |     5 |    23 |    42 |    41 |     9 ||   120
Dodge: Dodged            |    63 |    51 |   199 |   295 |    37 ||   645

Table legend: (Time is in decaauts)
 A = Elapsed time spent in this place.
 B = Non-inter-level travel time spent in this place.
 C = Inter-level travel time spent in this place.
 D = Time resting spent in this place.
 E = Time spent auto-exploring this place.
 F = Levels seen in this place.
 G = Mean time per level.
                   A        B        C        D        E       F      G
               +--------+--------+--------+--------+--------+-----+--------+
         Total |  18052 |  17635 |    417 |   2533 |  12547 |  15 | 1203.5 |
       Dungeon |  17070 |  16682 |    388 |   2302 |  12024 |  13 | 1313.1 |
        Temple |    302 |    273 |     29 |      0 |    262 |   1 |  302.0 |
      Gauntlet |    679 |    679 |      0 |    231 |    261 |   1 |  679.0 |
               +--------+--------+--------+--------+--------+-----+--------+

Top non-repeatable levels by time:
     D:4: 2129 daAuts
     D:9: 1796 daAuts
     D:3: 1507 daAuts
     D:7: 1462 daAuts
     D:8: 1439 daAuts
     D:1: 1401 daAuts
    D:11: 1384 daAuts
     D:6: 1372 daAuts
    D:12: 1261 daAuts
    D:10: 1038 daAuts
     D:5: 945 daAuts
     D:2: 797 daAuts
Gauntlet: 679 daAuts
    D:13: 534 daAuts
  Temple: 302 daAuts
